 Dungeon Crawl Stone Soup version 0.28-a0-8-g6e044cf (webtiles) character file.

Game seed: 9281023466984702059

46 MrTaco21 the Cudgeller (level 3, -1/29 HPs)
             Began as a Demonspawn Berserker on July 23, 2021.
             Was a Believer of Trog.
             Succumbed to an adder's poison
             ... on level 2 of the Dungeon.
             The game lasted 00:02:09 (2467 turns).

MrTaco21 the Cudgeller (Demonspawn Berserker)       Turns: 2467, Time: 00:02:09

Health: -1/29      AC:  2    Str: 18    XL:     3   Next: 44%
Magic:  3/3        EV: 12    Int:  8    God:    Trog [**....]
Gold:   2          SH:  0    Dex: 12    Spells: 2/2 levels left

rFire   . . .      SeeInvis .   a - +0 mace
rCold   . . .      Faith    .   (no shield)
rNeg    . . .      Spirit   .   b - +0 animal skin
rPois   .          Reflect  .   (helmet restricted)
rElec   .          Harm     .   (no cloak)
rCorr   .          Rampage  .   (no gloves)
Will    .....                   (no boots)
Stlth   +.........              (no amulet)
HPRegen 0.09/turn               (no ring)
MPRegen 0.08/turn               (no ring)

@: lethally poisoned (-1 -> -5)
A: antennae 1, powered by death 1
a: Renounce Religion, Berserk, Trog's Hand


You were on level 2 of the Dungeon.
You worshipped Trog.
Trog was pleased with you.
You visited 1 branch of the dungeon, and saw 2 of its levels.

You collected 2 gold pieces.

Inventory:

Hand Weapons
 a - a +0 mace (weapon)
Armour
 b - a +0 animal skin (worn)
Scrolls
 d - a scroll of identify {unknown}
 e - a scroll of amnesia {unknown}
 f - a scroll of teleportation {unknown}
 h - a scroll of enchant weapon {unknown}
Potions
 c - 2 potions of curing {unknown}
 g - a potion of heal wounds {unknown}
 i - a potion of haste {unknown}


   Skills:
 - Level 3.0 Fighting
 + Level 4.1 Maces & Flails
 - Level 1.7 Armour
 - Level 1.7 Dodging


You had 2 spell levels left.
You didn't know any spells.
Your spell library was empty.

Dungeon Overview and Level Annotations

Branches:
Dungeon (2/15)

Altars:

Shops:
D:1 *


Innate Abilities, Weirdness & Mutations

You have a pair of small antennae on your head.
You regenerate a little health from kills.


Message History

The jackal closely misses you.
You hit the adder but do no damage. The adder barely misses you.
The jackal bites you but does no damage.
The adder bites you.
You are poisoned.
The adder poisons you!
You barely miss the adder.
You feel sick. The jackal barely misses you.
An endoplasm comes into view.
The adder bites you but does no damage. The jackal closely misses you.
You barely miss the adder.
You feel sick. The jackal barely misses you. The adder bites you.
The jackal closely misses you. The adder barely misses you.
You hit the adder.
You feel sick. The jackal bites you. The adder barely misses you.
You thump the adder!
You kill the adder!
Trog accepts your kill.
You feel sick. The jackal barely misses you.
An adder comes into view.
The jackal barely misses you. The jackal bites you.
* * * LOW HITPOINT WARNING * * *
Your Maces & Flails skill increases to level 4!
You feel sick.
You are no longer poisoned.
The adder hisses angrily.
The jackal bites you.
* * * LOW HITPOINT WARNING * * *
The jackal bites you.
* * * LOW HITPOINT WARNING * * *
The jackal bites you.
* * * LOW HITPOINT WARNING * * *
You are too injured to fight recklessly!
You are too injured to fight recklessly!
Unknown command.
The jackal closely misses you. x2
You hit the jackal.
You kill the jackal!
Trog accepts your kill. The adder bites you.
* * * LOW HITPOINT WARNING * * *
You are lethally poisoned!
The adder poisons you!
You barely miss the adder.
* * * LOW HITPOINT WARNING * * *
You feel sick. The adder closely misses you.
You hit the adder.
* * * LOW HITPOINT WARNING * * *
You feel sick. The adder misses you. The adder bites you but does no damage.
You hit the adder.
You die...

. . ..## ..
#.##### #..### ...
#.....#####....###
...#####
###.JhS@#.......
.......
#...###.#.....#
......####.###
#.#....#
......J....#
#.########.#
#######†####
#.......##.# ...#
#######.##.# #####
#.#.##.# #...##.#
#.####.#


You could see an adder, an endoplasm and a jackal.

Vanquished Creatures
  An adder (D:2)
  A ball python (D:1)
  3 endoplasms
  3 goblins (D:1)
  2 hobgoblins
  9 jackals
  A quokka (D:1)
  5 bats
  2 frilled lizards
  3 kobolds
  3 rats (D:1)
33 creatures vanquished.

Notes
Turn   | Place    | Note
-------+----------+-------------------------------------------
     0 | D:1      | MrTaco21 the Demonspawn Berserker began the quest for the
                  | Orb.
     0 | D:1      | Reached XP level 1. HP: 18/18 MP: 1/1
   277 | D:1      | Reached skill level 3 in Maces & Flails
   334 | D:1      | Found Vout's General Store.
   561 | D:1      | Gained mutation: You regenerate a little health from kills.
                  | [demonic ancestry]
   561 | D:1      | Reached XP level 2. HP: 12/24 MP: 2/2
  2091 | D:2      | Gained mutation: You have a pair of small antennae on your
                  | head. [demonic ancestry]
  2091 | D:2      | Reached XP level 3. HP: 17/29 MP: 3/3
  2245 | D:2      | Found a faded altar of an unknown god.
  2448 | D:2      | Reached ** piety under Trog
  2455 | D:2      | Reached skill level 4 in Maces & Flails
  2466 | D:2      | HP: 1/29 [poisoned by an adder]
  2467 | D:2      | Succumbed to an adder's poison

Illustrated notes

Levels and vault maps discovered:
D:1:      lemuel_arrival_tunnels, layout_basic, serial_shops,
          nicolae_shop_statue_plus
D:2:      layout_loops_ring, serial_co_window_serial,
          co_window_of_opportunity_a, co_window_paths_b,
          co_window_of_opportunity_a, co_window_corner_a, co_window_corner_a,
          co_window_of_opportunity_c, co_window_of_opportunity_b,
          co_window_corner_cb, co_window_corner_b, co_window_corner_b,
          co_window_unsneaky_path_b, co_window_4corner_b, glass_columns_c,
          glass_columns_a, glass_columns_a, ebering_ecumenical_altar_petrified

Skill      XL: |  1  2  3 |
---------------+----------+-----
Maces & Flails | 3 4 |  4.1
Fighting       | |  3.0
Armour         | |  1.7
Dodging        | |  1.7

Action                   || total
-------------------------++-------
Melee: Mace              ||   142
Armor: Animal skin       ||    34
Dodge: Dodged            ||   140

Table legend: (Time is in decaauts)
 A = Elapsed time spent in this place.
 B = Non-inter-level travel time spent in this place.
 C = Inter-level travel time spent in this place.
 D = Time resting spent in this place.
 E = Time spent auto-exploring this place.
 F = Levels seen in this place.
 G = Mean time per level.
                   A        B        C        D        E       F      G
               +--------+--------+--------+--------+--------+-----+--------+
         Total |   2498 |   2468 |     30 |    726 |   1434 |   2 | 1249.0 |
       Dungeon |   2498 |   2468 |     30 |    726 |   1434 |   2 | 1249.0 |
               +--------+--------+--------+--------+--------+-----+--------+

Top non-repeatable levels by time:
     D:1: 2097 daAuts
     D:2: 401 daAuts
